 Dungeon Crawl Stone Soup version 0.30.1-11-g7821555f0a (webtiles) character file.

Game seed: 425673719940083886

105 skusey55 the Poker (level 4, 0/41 HPs)
             Began as a Minotaur Berserker on Dec 13, 2023.
             Was a Believer of Trog.
             Slain by a hobgoblin
             ... wielding a +0 dagger
             ... led by Robin
              (4 damage)
             ... on level 3 of the Dungeon.
             The game lasted 00:06:34 (1814 turns).

skusey55 the Poker (Minotaur Berserker)             Turns: 1814, Time: 00:06:35

Health: 0/41       AC:  2    Str: 23    XL:     4   Next: 53%
Magic:  3/3        EV: 12    Int:  4    God:    Trog [**....]
Gold:   146        SH:  0    Dex: 10    Spells: 3/3 levels left

rFire   . . .        a - +0 spear
rCold   . . .        (no shield)
rNeg    . . .        b - +0 animal skin
rPois   .            (helmet restricted)
rElec   .            (no cloak)
rCorr   .            (no gloves)
SInv    .            (no boots)
Will    .....        (no amulet)
Stlth   +            (no ring)
HPRegen 0.26/turn    (no ring)
MPRegen 0.08/turn

%: no passive effects
@: on berserk cooldown, slowed, very slow
A: horns 2, retaliatory headbutt
a: Renounce Religion, Berserk, Trog's Hand


You were on level 3 of the Dungeon.
You worshipped Trog.
Trog was pleased with you.
You visited 1 branch of the dungeon, and saw 3 of its levels.

You collected 146 gold pieces.

Inventory:

Hand Weapons
 a - a +0 spear (weapon)
 e - a +2 dagger of draining
Armour
 b - a +0 animal skin (worn)
Jewellery
 g - a +6 ring of strength
 i - an amulet of the acrobat
 k - a +5 ring of evasion
Scrolls
 f - a scroll of teleportation {unknown}
 h - a scroll of identify {unknown}
 l - a scroll of immolation {unknown}
Potions
 c - 4 potions of curing {unknown}
 d - a potion of flight {unknown}
 j - a potion of heal wounds {unknown}
 m - a potion of attraction {unknown}
 n - a potion of magic {unknown}


   Skills:
 + Level 4.6 Fighting
 + Level 5.1 Polearms
 + Level 2.6 Armour
 + Level 3.0 Dodging
 + Level 0.3 Stealth


You had 3 spell levels left.
You didn't know any spells.
Your spell library was empty.

Dungeon Overview and Level Annotations

Branches:
Dungeon (3/15)

Altars:
Kikubaaqudgha
Wu Jian


Innate Abilities, Weirdness & Mutations

You have a pair of horns on your head.
You reflexively headbutt those who attack you in melee.


Message History

You kill the goblin!
Trog accepts your kill.
Your Dodging skill increases to level 3!
You hit the goblin.
You kill the goblin!
Trog accepts your kill.
You barely miss the goblin. The goblin hits you with a +0 club.
* * * LOW HITPOINT WARNING * * *
You puncture the goblin!
You kill the goblin!
Trog accepts your kill. The kobold barely misses you. You furiously retaliate!
You headbutt the kobold!
You kill the kobold!
Trog accepts your kill.
A hobgoblin comes into view. It is wielding a +0 dagger.
Items here: )) | ††.
You feel a strong urge to attack something.
The hobgoblin shouts!
Things that are here:
a +0 whip; 5 stones; a viscous brown potion You feel your anger nearly subside.
You are no longer berserk.
You are exhausted.
You feel yourself slow down. The hobgoblin closely misses you.
You hit the hobgoblin. Your headbutt misses the hobgoblin.
The hobgoblin is moderately wounded.
The hobgoblin hits you with a +0 dagger.
* * * LOW HITPOINT WARNING * * *
You closely miss the hobgoblin.
The hobgoblin is moderately wounded.
The hobgoblin barely misses you.
The hobgoblin hits you with a +0 dagger.
* * * LOW HITPOINT WARNING * * *
You barely miss the hobgoblin.
The hobgoblin is moderately wounded.
The hobgoblin hits you with a +0 dagger.
* * * LOW HITPOINT WARNING * * *
You barely miss the hobgoblin. Your headbutt misses the hobgoblin.
The hobgoblin is moderately wounded.
The hobgoblin hits you with a +0 dagger.
You die...

### #####.......
..........# . .........
.. ....... ... ..... #..
... # #..###g#### ##.#
#....@...## #
##...######.#.#..#
##.... #...###).........
...)..####..))..#.#.....
##.........).)..........
##......###..).....#####
......... #........#
.#.......##........#
##.......###.#.#####


You could see a hobgoblin.

Vanquished Creatures
  Robin (D:3)
  A gnoll (D:1)
  An adder (D:2)
  An ufetubus (D:3)
  A worm (D:2)
  An orc (D:3)
  5 ball pythons
  2 bats
  5 endoplasms
  3 giant cockroaches
  11 goblins
  11 hobgoblins
  4 jackals (D:1)
  3 kobolds
  3 quokkas (D:1)
  3 rats
56 creatures vanquished.

Notes
Turn   | Place    | Note
-------+----------+-------------------------------------------
     0 | D:1      | skusey55 the Minotaur Berserker began the quest for the
                  | Orb.
     0 | D:1      | Reached XP level 1. HP: 19/19 MP: 0/0
    52 | D:1      | Reached skill level 4 in Polearms
    52 | D:1      | Reached XP level 2. HP: 17/27 MP: 1/1
   224 | D:1      | Reached XP level 3. HP: 27/33 MP: 2/2
   267 | D:1      | Reached ** piety under Trog
   576 | D:1      | Found a faded altar of an unknown god.
  1061 | D:2      | Found an ornate altar of the Wu Jian Council.
  1664 | D:3      | Reached XP level 4. HP: 41/41 MP: 3/3
  1704 | D:3      | Found an ancient bone altar of Kikubaaqudgha.
  1785 | D:3      | Identified the +1 helmet of the Slorg {rPois}
  1785 | D:3      | Noticed Robin
  1792 | D:3      | Identified the staff of earth "Hisuarim" {rPois rN+ Int-3
                  | Stlth+}
  1796 | D:3      | Killed Robin
  1797 | D:3      | Reached skill level 5 in Polearms
  1814 | D:3      | Slain by a hobgoblin

Illustrated notes

Levels and vault maps discovered:
D:1:      roderic_crossed_star, layout_basic, basic_ecumenical_altar, hex_tiny,
          minmay_misc_feat_tower, grunt_decor_cap, hangedman_decor_slide_cut,
          hangedman_decor_growths
D:2:      layout_basic, basic_altar, minivault_11
D:3:      layout_rooms, lemuel_tele_altar, serial_co_window_serial,
          co_window_corner_a, co_window_corner_a, co_window_corner_a,
          co_window_of_opportunity_a, co_window_paths_b, co_window_2corner,
          co_window_broadway_a, co_window_broadway_c, co_window_4corner_b,
          glass_columns_c, glass_columns_a, glass_columns_a, glass_columns_c,
          glass_columns_a, uniq_robin

Skill      XL: |  1  2  3  4 |
---------------+-------------+-----
Fighting       | 4 |  4.6
Polearms       | 4 5 |  5.1
Dodging        | 3 |  3.0
Armour         | |  2.6
Stealth        | |  0.3

Action                     |  1- 3 |  4- 6 || total
---------------------------+-------+-------++-------
  Melee: Spear             |    85 |    51 ||   136
         Headbutt          |     5 |     3 ||     8
 Invoke: Berserk           |       |     1 ||     1
   Stab: Sleeping          |     2 |       ||     2
 Armour: Animal skin       |     5 |     2 ||     7
  Dodge: Dodged            |    52 |    24 ||    76
